 Dungeon Crawl Stone Soup version 0.29.1-15-g9cfb28693d (webtiles) character file.

Game seed: 5089016481707129930

937 croobank the Firebug (level 7, -3/56 HPs)
             Began as a Demigod Fire Elementalist on Mar 19, 2023.
             Slain by an orc warrior
             ... wielding a +0 short sword
              (9 damage)
             ... on level 5 of the Dungeon.
             The game lasted 00:14:32 (6221 turns).

croobank the Firebug (Demigod Fire Elementalist)    Turns: 6221, Time: 00:14:33

Health: -3/56      AC:  4    Str:  5    XL:     7   Next: 56%
Magic:  0/24       EV: 12    Int: 25    God:
Gold:   234        SH:  0    Dex: 14    Spells: 4/13 levels left

rFire   . . .      SeeInvis +   a - +2 dagger (elec)
rCold   . . .      Faith    .   (no shield)
rNeg    . . .      Spirit   .   n - +0 leather armour "Ibaritem" {rElec Regen+ MP+9 Str-4}
rPois   .          Reflect  .   (no helmet)
rElec   +          Harm     .   (no cloak)
rCorr   .          Rampage  .   q - +0 pair of gloves
Will    .....                   (no boots)
Stlth   ++........              (no amulet)
HPRegen 0.98/turn               d - ring of see invisible
MPRegen 0.19/turn               (no ring)

@: no status effects
A: high MP 1, forlorn, divine attributes
a: no special abilities


You were on level 5 of the Dungeon.
You visited 1 branch of the dungeon, and saw 5 of its levels.

You collected 234 gold pieces.

Inventory:

Hand Weapons
 a - a +2 dagger of electrocution (weapon)
 b - a +1 arbalest
 e - a +0 short sword
 f - a +0 war axe
 g - a +2 trident of venom
 k - a +0 morningstar
 m - a +2 short sword of protection
 r - a +0 sling
Armour
 n - the +0 leather armour "Ibaritem" (worn) {rElec Regen+ MP+9 Str-4}
   (You found it on level 5 of the Dungeon)

   Str:       It affects your strength (-4).
   rElec:     It insulates you from electricity.
   MP:        It affects your magic capacity (+9).
   Regen:     It increases your rate of health regeneration.
 q - a +0 pair of gloves (worn)
Jewellery
 d - a ring of see invisible (left hand)
Wands
 t - a wand of flame (40)
Scrolls
 i - a scroll of blinking {unknown}
 p - a scroll of vulnerability {unknown}
Potions
 c - a potion of brilliance
 h - a potion of curing
 l - 2 potions of degeneration {unknown}


   Skills:
 + Level 2.9 Fighting
 + Level 3.6 Dodging
 + Level 4.0 Stealth
 + Level 3.5 Spellcasting
 + Level 3.3 Conjurations
 + Level 4.3 Fire Magic


You had 4 spell levels left.
You knew the following spells:

 Your Spells              Type           Power      Damage    Failure   Level
a - Foxfire               Conj/Fire      92%        2x1d8     3%          1
b - Scorch                Fire           52%        2d7       4%          2
c - Inner Flame           Hex/Fire       15%        N/A       21%         3
d - Beastly Appendage     Tmut           8%         N/A       16%         1
e - Wereblood             Tmut           4%         N/A       24%         2

Your spell library contained the following spells:

 Spells                   Type           Power      Damage    Failure   Level
 Conjure Flame            Conj/Fire      23%        6-21      10%         3
 Sublimation of Blood     Necr           4%         N/A       24%         2
 Flame Wave               Conj/Fire      23%        2d8       32%         4
 Spider Form              Tmut/Pois      4%         N/A       43%         3
 Summon Hydra             Summ           2%         N/A       100%        7


Dungeon Overview and Level Annotations

Branches:
Dungeon (5/15)
 Temple: D:4-7


Innate Abilities, Weirdness & Mutations

You have an increased reservoir of magic. (+10% MP)
You shall have no god before yourself.
Your divine heritage dramatically boosts your attributes as you level up.


Message History

The bolt barely misses the orc.
The orc warrior is no longer more vulnerable to fire.
The orc warrior barely misses you.
The orc warrior hits you with a +0 short sword!
Fire: b) +1 arbalest
Press: ? - help, Q - select action, (/) - cycle Shift-Dir - straight line, f/p - orc warrior
Aim: an orc warrior, wielding a +0 short sword and wearing a +0 plate armour (severely wounded, 54% to hit)
You shoot a bolt. The bolt hits the orc warrior!
The orc warrior is almost dead.
The orc warrior hits you with a +0 short sword!
* * * LOW HITPOINT WARNING * * *
The orc warrior completely misses you.
You feel better. The orc warrior closely misses you.
Casting: Scorch (safe; 4% risk of failure)
Confirm with . or Enter, or press ? or * to list all spells.
Flames lash the orc.
The orc is severely wounded.
The orc's fire resistance burns away.
The orc warrior barely misses you.
You hear the crackle of electricity.
a - a +2 dagger of electrocution (weapon)
You barely miss the orc warrior.
The orc warrior is almost dead.
The orc warrior hits you with a +0 short sword!
* * * LOW HITPOINT WARNING * * *
You feel better.
The orc warrior hits you with a +0 short sword.
* * * LOW HITPOINT WARNING * * *
You feel better.
The orc is no longer more vulnerable to fire.
The orc warrior hits you with a +0 short sword!
* * * LOW HITPOINT WARNING * * *
You feel better.
The orc warrior hits you with a +0 short sword!
* * * LOW HITPOINT WARNING * * *
Casting: Scorch (safe; 4% risk of failure)
Confirm with . or Enter, or press ? or * to list all spells.
Flames lash the orc.
You kill the orc!
The orc warrior hits you with a +0 short sword!
You die...

## #.##
#..# #@#
##o####
#)).#.#
#)...##
#..#...##
#..#.#..#
#..#.###.##
#..#. ##.##
..#.# ##.##


You could see an orc warrior.

Vanquished Creatures
  Eustachio (D:4)
  A black bear (D:5)
  An ogre (D:5)
  A centaur (D:5)
  Blork the orc (D:4)
  A necrophage (D:4)
  A scorpion (D:5)
  A hound (D:5)
  Ijyb (D:4)
  2 iguanas (D:5)
  3 gnolls (D:5)
  12 adders
  2 white imps (D:5)
  2 worms
  4 dart slugs
  11 orcs
  4 endoplasms
  4 giant cockroaches
  5 goblins
  3 hobgoblins
  6 jackals (D:2)
  11 kobolds
  4 quokkas
  5 ball pythons
  7 bats
  7 frilled lizards
  4 rats
105 creatures vanquished.

Vanquished Creatures (others)
  206 foxfires
206 creatures vanquished.

Grand Total: 311 creatures vanquished

Notes
Turn   | Place    | Note
-------+----------+-------------------------------------------
     0 | D:1      | croobank the Demigod Fire Elementalist began the quest for
                  | the Orb.
     0 | D:1      | Reached XP level 1. HP: 14/14 MP: 5/5
   116 | D:1      | Reached skill level 1 in Conjurations
   363 | D:1      | Reached XP level 2. HP: 12/20 MP: 4/7
   366 | D:1      | Learned a level 2 spell: Scorch
  1533 | D:2      | Reached XP level 3. HP: 26/26 MP: 2/8
  1986 | D:2      | Reached XP level 4. HP: 34/34 MP: 5/10
  2677 | D:3      | Reached skill level 1 in Fighting
  3381 | D:4      | Learned a level 1 spell: Beastly Appendage
  3384 | D:4      | Learned a level 2 spell: Wereblood
  3891 | D:4      | Noticed a necrophage
  3895 | D:4      | Killed a necrophage
  3896 | D:4      | Reached XP level 5. HP: 40/40 MP: 4/11
  3901 | D:4      | Learned a level 3 spell: Inner Flame
  4188 | D:4      | Noticed Blork the orc
  4211 | D:4      | Killed Blork the orc
  4211 | D:4      | HP: 1/60 [cloud of flame (10)]
  4567 | D:4      | Noticed Eustachio
  4578 | D:4      | Killed Eustachio
  4579 | D:4      | Reached XP level 6. HP: 43/48 MP: 1/13
  4902 | D:4      | Noticed Ijyb
  4908 | D:4      | Killed Ijyb
  5500 | D:5      | Entered Level 5 of the Dungeon
  5559 | D:5      | Identified the +0 leather armour "Ibaritem" {rElec Regen+
                  | MP+9 Str-4}
  5794 | D:5      | Reached XP level 7. HP: 21/56 MP: 6/14
  6219 | D:5      | HP: 2/56 [orc warrior/+0 short sword (9)]
  6221 | D:5      | Slain by an orc warrior

Illustrated notes

Levels and vault maps discovered:
D:1:      amcnicky_arrival_abandoned_market, layout_basic, st_stairs_13,
          chequers_serial_rivers_marsh
D:2:      layout_basic
D:3:      layout_basic, nicolae_sif_muna_little_library,
          shapermc_ecumenical_altar_venn, minivault_5
D:4:      layout_layer_cave, mainiacjoe_overflow_big_doors, uniq_ijyb,
          uniq_blork_the_orc, uniq_eustachio
D:5:      layout_cave_pods, minmay_temple_entry_gardened_gates

Skill      XL: |  1  2  3  4  5  6  7 |
---------------+----------------------+-----
Conjurations   | 1 2 3 |  3.3
Stealth        | 2 3 4 |  4.0
Dodging        | 2 3 |  3.6
Spellcasting   | 2 3 |  3.5
Fire Magic     | 3 4 |  4.3
Fighting       | 1 2 |  2.9

Action                   |  1- 3 |  4- 6 |  7- 9 || total
-------------------------+-------+-------+-------++-------
Melee: Dagger            |    10 |     3 |     1 ||    14
 Fire: Arbalest          |       |    26 |    13 ||    39
 Cast: Foxfire           |    70 |    37 |    17 ||   124
       Scorch            |    12 |    36 |    23 ||    71
       Inner Flame       |       |     2 |       ||     2
  Use: Scroll            |       |    12 |       ||    12
       Potion            |       |     4 |     4 ||     8
 Stab: Sleeping          |       |     1 |       ||     1
Armor: Robe              |     2 |     1 |       ||     3
       Leather armour    |       |     2 |     2 ||     4
Dodge: Dodged            |    16 |    34 |    15 ||    65
